 Dungeon Crawl Stone Soup version 0.31-a0-221-gbddc013574 (webtiles) character file.

Game seed: 5357198993269241693

139 pokeman the Magician (level 5, 0/29 HPs)
             Began as a Deep Elf Hedge Wizard on July 4, 2023.
             Slain by an adder (2 damage)
             ... on level 3 of the Dungeon.
             The game lasted 00:04:32 (2084 turns).

pokeman the Magician (Deep Elf Hedge Wizard)        Turns: 2084, Time: 00:04:33

Health: 0/29       AC:  2    Str:  7    XL:     5   Next: 1%
Magic:  2/15       EV: 13    Int: 21    God:
Gold:   86         SH:  0    Dex: 14    Spells: 7/15 levels left

rFire   . . .        a - +0 dagger
rCold   . . .        (no shield)
rNeg    . . .        b - +0 robe
rPois   .            c - +0 hat
rElec   .            (no cloak)
rCorr   .            (no gloves)
SInv    .            (no boots)
Will    .....        (no amulet)
Stlth   +            g - ring of wizardry
HPRegen 0.24/turn    j - ring of flight
MPRegen 0.14/turn

%: wizardry (x1)
@: confused, flying
A: no striking features
a: no special abilities


You were on level 3 of the Dungeon.
You visited 1 branch of the dungeon, and saw 3 of its levels.

You collected 86 gold pieces.

Inventory:

Hand Weapons
 a - a +0 dagger (weapon)
Missiles
 h - 2 throwing nets
Armour
 b - a +0 robe (worn)
 c - a +0 hat (worn)
Jewellery
 g - a ring of wizardry (left hand)
 j - a ring of flight (right hand)
Scrolls
 f - 2 scrolls of teleportation {unknown}
 k - 3 scrolls of identify {unknown}
Potions
 d - a potion of magic
 e - a potion of curing {unknown}
 i - a potion of heal wounds {unknown}


   Skills:
 - Level 1.0 Fighting
 - Level 1.0 Armour
 - Level 3.0 Dodging
 - Level 3.0 Stealth
 * Level 5.9 Spellcasting
 + Level 2.4 Conjurations
 - Level 1.1 Summonings
 - Level 1.1 Translocations
 + Level 0.2 Air Magic
 + Level 0.2 Poison Magic


You had 7 spell levels left.
You knew the following spells:

 Your Spells              Type           Power      Damage    Failure   Level
a - Magic Dart            Conj           64%        1d6       1%          1
b - Mephitic Cloud        Conj/Pois/Air  10%        N/A       9%          3
c - Call Imp              Summ           20%        N/A       4%          2
d - Blink                 Tloc           20%        N/A       4%          2

Your spell library contained the following spells:

 Spells                   Type           Power      Damage    Failure   Level
 Slow                     Hex            24%        N/A       4%          1
 Cigotuvi's Dreadful Rot  Necr/Pois/Air  12%        N/A       6%          2


Dungeon Overview and Level Annotations

Branches:
Dungeon (3/15)

Altars:
Zin


Message History

The gnoll barely misses you. The gnoll hits you with a +0 whip.
Your cerulean imp hits the gnoll with a -3 spear.
You hit the gnoll.
The gnoll is almost dead.
The gnoll hits you with a +0 whip.
Your cerulean imp barely misses the gnoll.
The gnoll closely misses you.
Unknown command.
You hit the gnoll.
You kill the gnoll!
The adder closely misses you.
The gnoll hits you from afar with a +0 halberd!
* * * LOW HITPOINT WARNING * * *
Your cerulean imp hits the adder with a -3 spear.
Your Stealth skill increases to level 3!
You have reached level 5!
Unknown command.
Unknown command.
The adder attacks as you move away! The adder closely misses you.
Your cerulean imp barely misses the adder.
Casting: Call Imp (safe; 4% risk of failure)
Confirm with . or Enter, or press ? or * to list all spells.
The spell is quite dangerous to miscast (9% risk of failure)!
Continue anyway?
Aiming: Mephitic Cloud (quite dangerous; 9% risk of failure)
Press: ? - help, Shift-Dir - straight line, f - adder
Aim: an adder (moderately wounded, ally target, chance to affect: 91%) That beam is likely to hit you.
Continue anyway?
The ball explodes into a vile cloud!
The stinking cloud engulfs the adder but does no damage.
The adder is moderately wounded.
The stinking cloud engulfs the gnoll but does no damage.
The gnoll is moderately wounded.
The stinking cloud engulfs your cerulean imp but does no damage.
Your cerulean imp is moderately wounded.
The stinking cloud engulfs you but does no damage.
You are engulfed in noxious fumes.
You choke on the stench!
You are confused.
The adder is engulfed in noxious fumes.
The adder appears confused.
The adder bites you.
You die...

#######
#5S@..#
##g###g###.###
#...g..# #...#
##.###.###.#.#
#.....#.#
#.#.###<#
#.#.# #.#
#.#.# #.#
#.#.# #.#


You could see 2 gnolls, an adder (confused, ally target) and a friendly cerulean
imp (summoned).

Vanquished Creatures
  Jessica (D:2)
  6 gnolls
  2 adders (D:2)
  A worm (D:2)
  A dart slug (D:2)
  4 endoplasms
  A giant cockroach (D:1)
  2 goblins
  2 hobgoblins (D:1)
  2 jackals (D:1)
  3 quokkas (D:2)
  2 ball pythons
  2 bats (D:1)
  3 frilled lizards
  3 kobolds (D:2)
  2 rats
37 creatures vanquished.

Notes
Turn   | Place    | Note
-------+----------+-------------------------------------------
     0 | D:1      | pokeman the Deep Elf Hedge Wizard began the quest for the
                  | Orb.
     0 | D:1      | Reached XP level 1. HP: 10/10 MP: 7/7
   413 | D:1      | Reached XP level 2. HP: 16/16 MP: 5/9
   898 | D:1      | Found a faded altar of an unknown god.
  1008 | D:2      | Reached skill level 5 in Spellcasting
  1008 | D:2      | Reached XP level 3. HP: 17/20 MP: 0/11
  1012 | D:2      | Learned a level 3 spell: Mephitic Cloud
  1015 | D:2      | Learned a level 2 spell: Blink
  1018 | D:2      | Learned a level 2 spell: Call Imp
  1222 | D:2      | Reached skill level 1 in Armour
  1438 | D:2      | Reached skill level 1 in Fighting
  1788 | D:2      | Reached XP level 4. HP: 25/25 MP: 0/13
  1964 | D:2      | Noticed Jessica
  1969 | D:2      | Killed Jessica
  2005 | D:2      | Found a glowing silver altar of Zin.
  2082 | D:3      | HP: 1/25 [gnoll/+0 halberd (9)]
  2083 | D:3      | Reached XP level 5. HP: 2/29 MP: 5/15
  2084 | D:3      | Slain by an adder

Illustrated notes

Levels and vault maps discovered:
D:1:      lemuel_arrival_hallway, layout_loops_ring,
          dilly_ecumenical_altar_fadedgnrine, minivault_26
D:2:      layout_rooms, basic_altar, uniq_jessica
D:3:      layout_loops_corners, elyvilon_altar_5

Skill      XL: |  1  2  3  4 |
---------------+-------------+-----
Spellcasting   | 5 |  5.9
Armour         | 1 |  1.0
Fighting       | 1 |  1.0
Conjurations   | 2 |  2.4
Dodging        | 3 |  3.0
Stealth        | 3 |  3.0
Summonings     | |  1.1
Translocations | |  1.1
Air Magic      | |  0.2
Poison Magic   | |  0.2

Action                     |  1- 3 |  4- 6 || total
---------------------------+-------+-------++-------
  Melee: Dagger            |    15 |    14 ||    29
   Cast: Magic Dart        |    85 |     8 ||    93
         Mephitic Cloud    |     5 |     2 ||     7
         Call Imp          |     4 |     1 ||     5
         Blink             |       |     1 ||     1
   Stab: Confused          |     2 |     2 ||     4
 Armour: Robe              |     5 |       ||     5
  Dodge: Dodged            |    18 |    16 ||    34

Table legend: (Time is in decaauts)
 A = Elapsed time spent in this place.
 B = Non-inter-level travel time spent in this place.
 C = Inter-level travel time spent in this place.
 D = Time resting spent in this place.
 E = Time spent auto-exploring this place.
 F = Levels seen in this place.
 G = Mean time per level.
                   A        B        C        D        E       F      G
               +--------+--------+--------+--------+--------+-----+--------+
         Total |   2083 |   2041 |     42 |     75 |   1696 |   3 |  694.3 |
       Dungeon |   2083 |   2041 |     42 |     75 |   1696 |   3 |  694.3 |
               +--------+--------+--------+--------+--------+-----+--------+

Top non-repeatable levels by time:
     D:1: 1025 daAuts
     D:2: 1019 daAuts
     D:3: 38 daAuts
